 Dungeon Crawl Stone Soup version 0.28-a0-535-g6f645e4c1d (webtiles) character file.

Game seed: 211572251313257507

224 ytrimaz the Cudgeller (level 5, -4/61 (72) HPs)
             Began as a Minotaur Berserker on Sept 27, 2021.
             Was a Believer of Trog.
             Slain by a wight (6 damage)
             ... on level 4 of the Dungeon.
             The game lasted 00:05:17 (4049 turns).

ytrimaz the Cudgeller (Minotaur Berserker)          Turns: 4049, Time: 00:05:18

HP:   -4/61 (72)    AC: 11    Str: 22    XL:     5   Next: 67%
MP:   4/4           EV:  8    Int:  4    God:    Trog [**....]
Gold: 83            SH:  0    Dex: 10    Spells: 4/4 levels left

rFire   . . .      SeeInvis .   e - +0 flail (vorpal)
rCold   . . .      Faith    .   (no shield)
rNeg    . . .      Spirit   .   n - +2 chain mail {Will+}
rPois   .          Reflect  .   (helmet restricted)
rElec   .          Harm     .   (no cloak)
rCorr   .          Rampage  .   (no gloves)
Will    +....                   (no boots)
Stlth   ..........              (no amulet)
HPRegen 0.20/turn               (no ring)
MPRegen 0.09/turn               (no ring)

@: berserking, heavily drained, very quick
A: horns 2, retaliatory headbutt
a: Renounce Religion, Berserk, Trog's Hand


You were on level 4 of the Dungeon.
You worshipped Trog.
Trog was pleased with you.
You visited 1 branch of the dungeon, and saw 4 of its levels.

You collected 83 gold pieces.

Inventory:

Hand Weapons
 e - a +0 vorpal flail (weapon)
Armour
 n - a +2 chain mail of willpower (worn)
Wands
 j - a wand of iceblast (9)
 m - a wand of flame (11)
Scrolls
 b - a scroll of teleportation
 c - 2 scrolls of enchant weapon
 l - a scroll of noise {unknown}
Potions
 d - 3 potions of curing
 g - 2 potions of invisibility
 h - 2 potions of attraction {unknown}
 i - a potion of heal wounds {unknown}


   Skills:
 * Level 5.0 Fighting
 * Level 2.6(4.4) Axes
 + Level 5.5(5.8) Maces & Flails
 + Level 3.0 Armour
 + Level 2.9 Dodging


You had 4 spell levels left.
You didn't know any spells.
Your spell library was empty.

Dungeon Overview and Level Annotations

Branches:
Dungeon (4/15)             Temple (0/1) D:4

Altars:
Uskayaw

Shops:
D:1 (


Innate Abilities, Weirdness & Mutations

You have a pair of horns on your head.
You reflexively headbutt those who attack you in melee.


Message History

A wight is wielding a +1 halberd of freezing.
A wight is wielding a +3 short sword of freezing.
Found 4 boomerangs and a ring mail.
The hobgoblin shouts!
You hear a shout!
The hobgoblin barely misses you.
The wight moves out of view.
You hear an angry hiss.
You hit the hobgoblin.
The hobgoblin is heavily wounded.
The hobgoblin hits you.
You barely miss the hobgoblin. You headbutt the hobgoblin.
The hobgoblin is almost dead.
The hobgoblin hits you but does no damage.
The wight hits you from afar with a +1 halberd of freezing!
You feel drained. The wight freezes you. The wight closely misses you.
A worm comes into view.
The wight hits you with a +0 great sword!
You hit the hobgoblin.
You kill the hobgoblin!
Trog accepts your kill. The wight barely misses you.
The wight hits you with a +3 short sword of freezing.
You feel drained. The wight freezes you.
The wight hits you with a +0 great sword.
The wight hits you with a +0 great sword!
* * * LOW HITPOINT WARNING * * *
You feel drained.
* * * LOW HITPOINT WARNING * * *
Unknown command.
Press: ? - help, v - describe, . - travel
Here: a wight, wielding a +0 great sword and wearing a +0 robe The floor.
A red film seems to cover your vision as you go berserk!
You feel yourself moving faster!
You feel mighty!
The wight hits you from afar with a +1 halberd of freezing.
* * * LOW HITPOINT WARNING * * *
You feel drained.
* * * LOW HITPOINT WARNING * * *
The wight freezes you.
* * * LOW HITPOINT WARNING * * *
The wight hits you with a +3 short sword of freezing.
You die...

**,*,*,,,***
*********,,*,***,,.###
,,,,,,,,,,**,,,***...#
********,,*,,,,,,,.#.#
**,,,**,,>,,*#...##
*,,*,,,,,,,,*.....********
**,,,,***,,,##..[*,,,,,,,,*
*,,**,,,***,#..######****,*
*,,,**,,,,*,#@z....(w,,**,*
*,,,,,......zz#######*,**,*
*,,,**###..#z..,,* *,**,*
**,** #.,...##,* *,**,* *,*
#,.##.#*,* *,**,* *,*
*..*#.#*,* *,**,* *,*
#.,*#.#*,* *,**,* #####.#
#.,*#.#*,* *,**,* ..)...#**
*,,**,**,* *,**,*


You could see a worm and 4 wights.

Vanquished Creatures
  An ogre (D:4)
  Ijyb (D:3)
  4 adders (D:3)
  A worm (D:3)
  2 dart slugs
  9 orcs
  5 endoplasms
  2 giant cockroaches (D:1)
  11 goblins
  6 hobgoblins
  2 jackals (D:2)
  2 quokkas
  7 ball pythons
  5 bats
  2 frilled lizards
  4 kobolds
  A rat (D:2)
65 creatures vanquished.

Vanquished Creatures (others)
  A plant (D:1)
1 creature vanquished.

Grand Total: 66 creatures vanquished

Notes
Turn   | Place    | Note
-------+----------+-------------------------------------------
     0 | D:1      | ytrimaz the Minotaur Berserker began the quest for the Orb.
     0 | D:1      | Reached XP level 1. HP: 19/19 MP: 0/0
   316 | D:1      | Reached XP level 2. HP: 27/27 MP: 1/1
   905 | D:1      | Found Wommail's Weapon Shoppe.
  1426 | D:2      | Reached XP level 3. HP: 15/33 MP: 2/2
  1860 | D:2      | Found a faded altar of an unknown god.
  2182 | D:3      | Reached skill level 1 in Axes
  2769 | D:3      | Reached ** piety under Trog
  2827 | D:3      | Noticed Ijyb
  2845 | D:3      | Killed Ijyb
  2846 | D:3      | Reached skill level 5 in Maces & Flails
  2846 | D:3      | Reached XP level 4. HP: 13/41 MP: 3/3
  3460 | D:3      | Noticed a +0 falchion
  3460 | D:3      | Noticed a +0 falchion
  3461 | D:3      | Noticed a +0 spear
  3461 | D:3      | Noticed a +0 spear
  3461 | D:3      | Noticed a +0 dagger
  3462 | D:3      | Noticed a +0 dagger
  3462 | D:3      | Noticed a +0 short sword
  3464 | D:3      | Noticed a +0 short sword
  3474 | D:3      | Found a hide-covered altar of Uskayaw.
  3685 | D:3      | Reached XP level 5. HP: 44/47 MP: 4/4
  4029 | D:4      | Noticed an ogre
  4035 | D:4      | Killed an ogre
  4036 | D:4      | Reached skill level 5 in Fighting
  4049 | D:4      | HP: 3/61 [wight (1)]
  4049 | D:4      | Slain by a wight

Illustrated notes

Levels and vault maps discovered:
D:1:      evilmike_arrival_crescent, layout_basic, serial_forest,
          infiniplex_forest_clump_diagonal, infiniplex_forest_corner_1,
          infiniplex_forest_clump_diagonal, infiniplex_forest_straight_2,
          infiniplex_forest_zigzag_2, serial_shops, shop
D:2:      layout_loops_ring, hellmonk_ecumenical_altar_slurped_away
D:3:      kennysheep_the_goblin_king, layout_rooms, nicolae_uskayaw_en_pointe,
          hangedman_decor_lopped
D:4:      layout_loops_ring, minitemple, nicolae_overflow_crystal_walls,
          minmay_temple_entry_slanted

Skill      XL: |  1  2  3  4  5 |
---------------+----------------+-----
Maces & Flails | 4 5 |  5.5
Fighting       | 4 5 |  5.0
Axes           | 1 2 |  2.6
Armour         | 3 |  3.0
Dodging        | |  2.9

Action                   |  1- 3 |  4- 6 || total
-------------------------+-------+-------++-------
Melee: Mace              |    77 |       ||    77
       Headbutt          |    12 |     9 ||    21
       Flail             |    16 |    44 ||    60
Invok: Berserk           |     2 |     2 ||     4
       Trog's Hand       |     1 |       ||     1
  Use: Scroll            |     2 |     3 ||     5
       Potion            |     1 |       ||     1
Armor: Animal skin       |    17 |       ||    17
       Ring mail         |     5 |     9 ||    14
       Chain mail        |       |    16 ||    16
Dodge: Dodged            |    80 |    29 ||   109

Table legend: (Time is in decaauts)
 A = Elapsed time spent in this place.
 B = Non-inter-level travel time spent in this place.
 C = Inter-level travel time spent in this place.
 D = Time resting spent in this place.
 E = Time spent auto-exploring this place.
 F = Levels seen in this place.
 G = Mean time per level.
                   A        B        C        D        E       F      G
               +--------+--------+--------+--------+--------+-----+--------+
         Total |   4101 |   4016 |     85 |    930 |   2536 |   4 | 1025.2 |
       Dungeon |   4101 |   4016 |     85 |    930 |   2536 |   4 | 1025.2 |
               +--------+--------+--------+--------+--------+-----+--------+

Top non-repeatable levels by time:
     D:2: 1827 daAuts
     D:1: 1221 daAuts
     D:3: 1018 daAuts
     D:4: 33 daAuts
